 Dungeon Crawl Stone Soup version 0.30-a0-808-g6e0788376e (webtiles) character file.

Game seed: 1722691855391433200

103 cheesebisquit the Firebug (level 4, -4/33 HPs)
             Began as a Hill Orc Fire Elementalist on Feb 27, 2023.
             Slain by Natasha (5 damage)
             ... on level 2 of the Dungeon.
             The game lasted 00:06:52 (2070 turns).

cheesebisquit the Firebug (HOFE)                    Turns: 2070, Time: 00:06:52

Health: -4/33      AC:  2    Str: 10    XL:     4   Next: 79%
Magic:  3/7        EV: 12    Int: 17    God:
Gold:   45         SH:  0    Dex: 11    Spells: 7/8 levels left

rFire   . . .      SeeInvis .    l - +0 war axe
rCold   . . .      Faith    .    (no shield)
rNeg    . . .      Spirit   .    a - +0 robe
rPois   .          Reflect  .    (no helmet)
rElec   .          Harm     .    (no cloak)
rCorr   .          Rampage  .    (no gloves)
Will    .....                    (no boots)
Stlth   ++                       (no amulet)
HPRegen 0.25/turn                (no ring)
MPRegen 0.10/turn                (no ring)

@: flying, very slightly contaminated, slowed, very slow
A: no striking features
a: no special abilities


You were on level 2 of the Dungeon.
You visited 1 branch of the dungeon, and saw 2 of its levels.

You collected 45 gold pieces.

Inventory:

Hand Weapons
 l - a +0 war axe (weapon)
Missiles
 h - 7 poisoned darts
Armour
 a - a +0 robe (worn)
Scrolls
 c - a scroll of noise {unknown}
 e - a scroll of teleportation {unknown}
 f - 2 scrolls of immolation {unknown}
 g - 2 scrolls of enchant armour {unknown}
 j - a scroll of identify {unknown}
 m - a scroll of blinking {unknown}
Potions
 b - a potion of brilliance {unknown}
 d - a potion of attraction {unknown}
 i - a potion of flight
 k - 2 potions of heal wounds {unknown}
 n - a potion of curing {unknown}
 o - a potion of mutation {unknown}
 p - a potion of ambrosia {unknown}


   Skills:
 + Level 2.2 Axes
 - Level 1.5 Dodging
 - Level 1.5 Stealth
 + Level 2.6 Spellcasting
 - Level 1.0 Conjurations
 + Level 4.5 Fire Magic


You had 7 spell levels left.
You knew the following spells:

 Your Spells              Type           Power      Damage    Failure   Level
a - Foxfire               Conj/Fire      44%        2x1d6     6%          1

Your spell library contained the following spells:

 Spells                   Type           Power      Damage    Failure   Level
 Scorch                   Fire           34%        2d7       4%          2
 Inner Flame              Hex/Fire       9%         N/A       22%         3
 Kindle Blastsparks       Fire/Tloc/Air  14%        2d11      30%         3
 Flame Wave               Conj/Fire      11%        2d6       52%         4


Dungeon Overview and Level Annotations

Branches:
Dungeon (2/15)

Altars:

Annotations:
D:2 Natasha


Message History

The foxfire hits Natasha.
Natasha is lightly wounded.
Natasha casts a spell.
You conjure some foxfire!
Natasha zaps a wand.
The roots erupt in riotous growth!
The grasping roots grab you!
The crimson imp is unaffected.
Natasha is unaffected.
Your foxfire is unaffected. x2
The grasping roots constrict you.
You miscast Foxfire.
You are very lightly contaminated with residual magic.
Nothing appears to happen.
The foxfire hits the crimson imp.
The crimson imp completely resists.
The foxfire hits Natasha.
Natasha is heavily wounded.
The crimson imp blinks!
Natasha hisses.
Natasha claws you but does no damage. The grasping roots constrict you.
The grasping roots release their grip on you.
You are too injured to fight recklessly!
Casting: Foxfire (safe; 6% risk of failure)
Press: ? - help, Q - select action, (/) - cycle Dir - look around, f - activate You conjure some foxfire!
Natasha claws you.
Natasha stares at you and mumbles some strange words.
The magic dart hits you!
* * * LOW HITPOINT WARNING * * *
You closely miss Natasha.
Natasha is heavily wounded.
You closely miss the crimson imp.
The foxfire hits the crimson imp but does no damage.
The foxfire hits the crimson imp.
The crimson imp completely resists.
The crimson imp closely misses you.
Natasha wildly gestures.
You feel disoriented. Natasha misses you.
The crimson imp blinks!
Natasha claws you.
* * * LOW HITPOINT WARNING * * *
It was a potion of flight.
You feel very buoyant.
You fly up into the air.
Natasha claws you.
You die...

#.#.# #.#.#.......
#####.#.#####.#.#.#.....
#...#.#.#.....#.#.#.....
#...#.........#.#.#.....
#...#.#.#.....#.#.#.....
#...#.#.#.....#.#.#.#..#
#...#.#.###+#.#...#.#..#
#....<.h.##.#.#.....#...
#......@.##.#.......#..#
#......ยง.##.#.#.........
#.......................
###......##.#.#.........
#..5...##.#.#..#######
#.>.........(.........
##.##...##.#.#..#######
#...)...##.#.......# #
#.......##......##+####


You could see Natasha and a crimson imp (summoned).

Vanquished Creatures
  Natasha (twice) (D:2)
  An adder (D:2)
  A worm (D:2)
  3 dart slugs (D:1)
  3 ball pythons
  4 bats
  3 endoplasms
  A giant cockroach (D:1)
  A goblin (D:2)
  3 hobgoblins
  2 jackals (D:2)
  3 quokkas
  2 frilled lizards
  4 kobolds
  3 rats (D:1)
36 creatures vanquished.

Vanquished Creatures (others)
  103 foxfires
103 creatures vanquished.

Grand Total: 139 creatures vanquished

Notes
Turn   | Place    | Note
-------+----------+-------------------------------------------
     0 | D:1      | cheesebisquit the Hill Orc Fire Elementalist began the
                  | quest for the Orb.
     0 | D:1      | Reached XP level 1. HP: 14/14 MP: 3/3
   123 | D:1      | Reached XP level 2. HP: 20/20 MP: 2/4
  1223 | D:2      | Reached XP level 3. HP: 21/26 MP: 4/6
  1292 | D:2      | Reached skill level 4 in Fire Magic
  1345 | D:2      | Noticed Natasha
  1352 | D:2      | Killed Natasha
  1353 | D:2      | Reached skill level 1 in Axes
  1561 | D:2      | Reached XP level 4. HP: 33/33 MP: 5/7
  1962 | D:2      | Noticed Natasha
  1967 | D:2      | Killed Natasha
  2061 | D:2      | Noticed Natasha
  2069 | D:2      | HP: 1/33 [Natasha (4)]
  2070 | D:2      | Slain by Natasha

Illustrated notes

Levels and vault maps discovered:
D:1:      matt_arrival_debris, layout_loops_ring
D:2:      minmay_spotlight, layout_basic, uniq_natasha

Skill      XL: |  1  2  3  4 |
---------------+-------------+-----
Spellcasting   | 2 |  2.6
Fire Magic     | 4 |  4.5
Axes           | 1 2 |  2.2
Dodging        | |  1.5
Stealth        | |  1.5
Conjurations   | |  1.0

Action                     |  1- 3 |  4- 6 || total
---------------------------+-------+-------++-------
  Melee: Unarmed           |    10 |       ||    10
         War axe           |     5 |     9 ||    14
   Cast: Foxfire           |    37 |    24 ||    61
    Use: Potion            |     1 |     1 ||     2
 Armour: Robe              |     4 |     3 ||     7
  Dodge: Dodged            |    30 |     8 ||    38

Table legend: (Time is in decaauts)
 A = Elapsed time spent in this place.
 B = Non-inter-level travel time spent in this place.
 C = Inter-level travel time spent in this place.
 D = Time resting spent in this place.
 E = Time spent auto-exploring this place.
 F = Levels seen in this place.
 G = Mean time per level.
                   A        B        C        D        E       F      G
               +--------+--------+--------+--------+--------+-----+--------+
         Total |   2078 |   1956 |    122 |      0 |   1679 |   2 | 1039.0 |
       Dungeon |   2078 |   1956 |    122 |      0 |   1679 |   2 | 1039.0 |
               +--------+--------+--------+--------+--------+-----+--------+

Top non-repeatable levels by time:
     D:1: 1195 daAuts
     D:2: 883 daAuts
